 Dungeon Crawl Stone Soup version 0.24-a0-520-g8fd06ad0bc (console) character file.

Game seed: 4986398793614600165

8738 nht the Martial Artist (level 11, 0/69 HPs)
             Began as a Vampire Transmuter on July 24, 2019.
             Was a High Priest of Okawaru.
             Slain by a warg (9 damage)
             ... on level 11 of the Dungeon.
             The game lasted 00:17:18 (7458 turns).

nht the Martial Artist (Vampire Transmuter)         Turns: 7458, Time: 00:17:19

Health: 0/69       AC:  8    Str:  9    XL:     11   Next: 13%
Magic:  9/15       EV: 17    Int: 19    God:    Okawaru [*****.]
Gold:   175        SH:  0    Dex: 15    Spells: 6/14 levels left

rFire    . . .     SeeInvis +     - Unarmed
rCold    . . .     Gourm    .   (shield currently unavailable)
rNeg     . . .     Faith    .   b - +1 robe
rPois    .         Spirit   .   (no helmet)
rElec    .         Reflect  .   j - +0 cloak
rCorr    .         Harm     .   (gloves currently unavailable)
MR       +....                  (no boots)
Stlth    +++.......             (no amulet)
HPRegen  0.41/turn              v - +3 ring of protection
MPRegen  0.14/turn              (no ring)

@: blade hands, heroism, regenerating quickly, studying Armour
A: no food, fangs 3, see invisible, blink, high mp 1, mutation resistance 1,
unbreathing
a: Exsanguinate, End Transformation, Blink, Heroism, Finesse, Renounce Religion


You were on level 11 of the Dungeon.
You worshipped Okawaru.
Okawaru was extremely pleased with you.
You were alive.
You had blades for hands.
You visited 1 branch of the dungeon, and saw 11 of its levels.

You collected 612 gold pieces.
You spent 437 gold pieces at shops.

Inventory:

Hand Weapons
 o - the +3 hunting sling of Tumult {flame, *Drain rC+ rN+ MR+, unknown}
   (You found it on level 4 of the Dungeon)

   It causes projectiles fired from it to burn those they strike, causing extra
   injury to most foes and up to half again as much damage against particularly
   susceptible opponents.
   It protects you from cold.
   It protects you from negative energy.
   It affects your resistance to hostile enchantments.
   It causes draining when unequipped.
Missiles
 a - 177 arrows
Armour
 b - a +1 robe (worn)
 j - a +0 cloak (worn)
 t - +0 gold dragon scales
Jewellery
 v - a +3 ring of protection (left scythe-like blade)
Wands
 g - a wand of digging (22)
 k - a wand of paralysis (9)
 s - a wand of acid (12)
 u - a wand of flame (8)
Scrolls
 c - 4 scrolls of teleportation
 d - 4 scrolls of remove curse
 f - 5 scrolls of enchant weapon
 m - 2 scrolls of magic mapping
 r - a scroll of enchant armour
 z - a scroll of amnesia
Potions
 e - a potion of flight
 h - 2 potions of agility
 i - 6 potions of curing
 l - a potion of mutation
 n - a potion of lignification
 q - 4 potions of heal wounds
 w - 2 potions of might
 x - a potion of haste
 A - a potion of magic {unknown}
 C - a potion of ambrosia {unknown}
Books
 B - a manual of Armour


   Skills:
 - Level 0.8(5.8) Fighting
 + Level 4.5(9.5) Armour
 - Level 2.1(7.1) Dodging
 * Level 14.2(19.2) Unarmed Combat
 - Level 2.0 Spellcasting
 + Level 10.4 Transmutations
 - Level 4.0 Invocations


You had 6 spell levels left.
You knew the following spells:

 Your Spells              Type           Power        Failure   Level  Hunger
a - Spider Form           Tmut/Pois      ###.......   36%         3    N/A
b - Blade Hands           Tmut           #####.....   36%         5    N/A

Your spell library contained the following spells:

 Spells                   Type           Power        Failure   Level  Hunger
 Beastly Appendage        Tmut           #####.       9%          1    N/A
 Sticks to Snakes         Tmut           #####...     11%         2    N/A
 Passwall                 Tmut/Erth      ###.....     26%         2    N/A
 Sandblast                Erth           #.....       58%         1    N/A
 Ice Form                 Ice/Tmut       ###.....     63%         4    N/A
 Petrify                  Tmut/Erth      ###.....     63%         4    N/A
 Stone Arrow              Conj/Erth      #.....       85%         3    N/A
 Lee's Rapid Deconstruct  Erth           #.........   100%        5    N/A

Dungeon Overview and Level Annotations

Branches:
Dungeon (11/15)            Temple (0/1) D:5            Lair (0/6) D:11
    Orc: D:9-12

Altars:
Ashenzari
Elyvilon
Gozag
Hepliaklqana
Okawaru
Ru
Sif Muna
Xom
Zin

Shops:
D:4 (   D:7 !   D:9 }   D:10 ?(*[%

Annotations:
D:11 Erica


Innate Abilities, Weirdness & Mutations

You do not eat.
Your natural rate of healing is unusually fast.
You have razor-sharp teeth.
You have supernaturally acute eyesight. (SInv)
You can survive without breathing.
You can translocate small distances at will.
You have an increased reservoir of magic. (+10% MP)
You are somewhat resistant to further mutation.


Message History

The gnoll shouts!
You hear a shout!
The warg howls!
You hear an angry buzzing noise. x2
The warg stops to sniff the ground.
The river rat twitches its whiskers.
You slash the warg!
The warg is heavily wounded.
The warg bites you.
You closely miss the warg.
The warg is heavily wounded.
The warg misses you.
You gain the combat prowess of a mighty hero.
The warg bites you!
* * * LOW HITPOINT WARNING * * *
The warg closely misses you. The warg bites you but does no damage.
You are too injured to fight recklessly!
You barely miss the warg.
The warg is heavily wounded.
The warg barely misses you. The river rat misses you. The warg bites you!
You die...

█....█.....█....█ ...
█....█.....█....█ ...
+....██'████....█████..
█......................
█.............g........
█......██████..........
█......█....█r.........
████......█....█hh........
..........█....█@.........
..........█....█..........
).█████...█.)))'..███████.
█...█.)((█..█
█...█.).(█..█
█...█.(.(█..█
████...███'██<.█
...........((...██
...........†.........


You could see 2 wargs, a gnoll and a river rat.

Vanquished Creatures
  The ghost of Noname the Cleaver, a novice DsGl of Ru (D:8)
  The ghost of Azzok the Grappler, a novice DrTm of Okawaru (D:8)
  The ghost of AarnesTheHuman the Fighter, a novice OgWz of Hepliaklqana (D:8)
  The ghost of Azzok the Thaumaturge, a novice DEFE of Vehumet (D:8)
  The ghost of azzavlup the Carver, a novice TeBe of Trog (D:8)
  2 unseen horrors (D:10)
  A hornet (D:10)
  A hippogriff (D:9)
  3 yaks (D:9)
  A warg (D:10)
  A water moccasin (D:5)
  A porcupine (D:10)
  An orc warrior (D:11)
  An ice beast (D:11)
  3 ogres
  3 sky beasts
  A black bear (D:7)
  A phantom (D:8)
  A crocodile (D:6)
  Blork the orc (D:6)
  5 bullfrogs
  A big kobold (D:11)
  A gnoll sergeant (D:7)
  4 scorpions
  9 wights
  6 killer bees (D:9)
  A howler monkey (D:4)
  A bullfrog zombie (D:5)
  6 crimson imps
  A quasit (D:7)
  4 orc priests
  A centaur zombie (D:6)
  6 hounds
  3 orc wizards
  2 centaur skeletons
  A bullfrog skeleton (D:5)
  A jelly (D:5)
  Ijyb (D:4)
  4 iguanas
  5 worker ants
  2 hound skeletons
  6 gnolls
  8 adders
  A shadow imp (D:9)
  3 oozes
  3 adder skeletons
  An adder zombie (D:9)
  2 worms (D:2)
  A dart slug (D:2)
  8 leopard geckos
  16 orcs
  5 giant cockroaches
  11 goblins
  5 hobgoblins
  3 jackals (D:2)
  17 kobolds
  8 quokkas
  A ball python (D:2)
  6 bats
  2 frilled lizards
  A leopard gecko skeleton (D:8)
  4 rats
204 creatures vanquished.

Vanquished Creatures (collateral kills)
  A worker ant (D:6)
1 creature vanquished.

Grand Total: 205 creatures vanquished

Notes
Turn   | Place    | Note
-------+----------+-------------------------------------------
     0 | D:1      | nht the Vampire Transmuter began the quest for the Orb.
     0 | D:1      | Reached XP level 1. HP: 14/14 MP: 3/3
   749 | D:2      | Reached XP level 2. HP: 16/20 MP: 3/5
   815 | D:2      | Reached skill level 4 in Unarmed Combat
   869 | D:2      | Reached XP level 3. HP: 8/25 MP: 3/6
  1011 | D:2      | Reached XP level 4. HP: 16/31 MP: 5/7
  1098 | D:2      | Reached skill level 5 in Unarmed Combat
  1364 | D:2      | Found a sacrificial altar of Ru.
  1371 | D:2      | Learned a level 3 spell: Spider Form
  1703 | D:3      | Found a white marble altar of Elyvilon.
  2373 | D:4      | Reached XP level 5. HP: 36/36 MP: 4/8
  2382 | D:4      | Found a deep blue altar of Sif Muna.
  2418 | D:4      | Got a bloodstained hunting sling
  2435 | D:4      | Found Gidiab's Weapon Shoppe.
  2486 | D:4      | Learned a level 5 spell: Blade Hands
  2512 | D:4      | Reached skill level 6 in Unarmed Combat
  2656 | D:4      | Reached XP level 6. HP: 36/42 MP: 9/9
  2738 | D:4      | Noticed Ijyb
  2755 | D:4      | Killed Ijyb
  2798 | D:4      | Found an iron altar of Okawaru.
  2848 | D:4      | Became a worshipper of Warmaster Okawaru
  2871 | D:5      | Entered Level 5 of the Dungeon
  2872 | D:5      | Noticed a sky beast
  2874 | D:5      | Noticed a water moccasin
  2877 | D:5      | Reached skill level 7 in Unarmed Combat
  2884 | D:5      | Killed a sky beast
  2884 | D:5      | Reached skill level 5 in Transmutations
  2886 | D:5      | Killed a water moccasin
  2886 | D:5      | Reached XP level 7. HP: 40/47 MP: 7/10
  2901 | D:5      | Reached * piety under Okawaru
  2901 | D:5      | Reached skill level 8 in Unarmed Combat
  3007 | D:5      | Found a staircase to the Ecumenical Temple.
  3209 | D:5      | Reached skill level 9 in Unarmed Combat
  3209 | D:5      | Reached XP level 8. HP: 53/53 MP: 5/11
  3226 | D:5      | Found a shimmering altar of Xom.
  3774 | D:6      | Reached ** piety under Okawaru
  3846 | D:6      | Gained mutation: You can translocate small distances at
                  | will. [potion of mutation]
  3846 | D:6      | Gained mutation: You have an increased reservoir of magic.
                  | (+10% MP) [potion of mutation]
  3846 | D:6      | Gained mutation: You are somewhat resistant to further
                  | mutation. [potion of mutation]
  4209 | D:6      | Found a shattered altar of Ashenzari.
  4331 | D:6      | Noticed Blork the orc
  4333 | D:6      | Killed Blork the orc
  4409 | D:6      | Reached skill level 10 in Unarmed Combat
  4647 | D:7      | Found Taisog's Distillery.
  4658 | D:7      | Bought a potion of heal wounds for 60 gold pieces
  4658 | D:7      | Bought a potion of might for 48 gold pieces
  4658 | D:7      | Bought a potion of curing for 36 gold pieces
  4658 | D:7      | Bought a potion of curing for 36 gold pieces
  4658 | D:7      | Bought a potion of curing for 36 gold pieces
  4658 | D:7      | Bought a potion of haste for 120 gold pieces
  4658 | D:7      | Bought a potion of curing for 36 gold pieces
  4921 | D:7      | Found a hazy altar of Hepliaklqana.
  5014 | D:8      | Reached *** piety under Okawaru
  5014 | D:8      | Reached skill level 11 in Unarmed Combat
  5014 | D:8      | Reached XP level 9. HP: 52/58 MP: 8/13
  5707 | D:8      | Found a glowing silver altar of Zin.
  5708 | D:8      | Found an opulent altar of Gozag.
  5756 | D:8      | Found a runed translucent gate.
  5756 | D:8      | Found a runed translucent gate.
  5756 | D:8      | Noticed Azzok's ghost (novice DrTm)
  5756 | D:8      | Noticed Azzok's ghost (novice DEFE)
  5757 | D:8      | Found a runed translucent gate.
  5757 | D:8      | Noticed azzavlup's ghost (novice TeBe)
  5757 | D:8      | Noticed Noname's ghost (novice DsGl)
  5757 | D:8      | Noticed AarnesTheHuman's ghost (novice OgWz)
  5959 | D:8      | Killed azzavlup's ghost
  5959 | D:8      | Reached skill level 1 in Invocations
  5962 | D:8      | Killed Noname's ghost
  5962 | D:8      | Reached **** piety under Okawaru
  5962 | D:8      | Reached skill level 12 in Unarmed Combat
  5971 | D:8      | Killed Azzok's ghost
  5971 | D:8      | Reached XP level 10. HP: 26/64 MP: 5/14
  5976 | D:8      | Killed AarnesTheHuman's ghost
  5981 | D:8      | Killed Azzok's ghost
  5981 | D:8      | Reached skill level 13 in Unarmed Combat
  6085 | D:9      | Found Liopp's Gadget Shop.
  6087 | D:9      | Reached skill level 1 in Armour
  6175 | D:9      | Reached ***** piety under Okawaru
  6293 | D:9      | Reached skill level 10 in Transmutations
  6845 | D:10     | Entered Level 10 of the Dungeon
  6849 | D:10     | Noticed an unseen horror
  6855 | D:10     | Killed an unseen horror
  6878 | D:10     | Found Loclikh's Assorted Antiques.
  6884 | D:10     | Bought a blue potion for 16 gold pieces
  6894 | D:10     | Found Lewina's Armour Boutique.
  6941 | D:10     | Found Yxtek's Food Shoppe.
  7080 | D:10     | Reached skill level 14 in Unarmed Combat
  7165 | D:10     | Found Plog's Antique Weapon Shop.
  7177 | D:10     | Noticed an unseen horror
  7186 | D:10     | Killed an unseen horror
  7186 | D:10     | Reached XP level 11. HP: 60/69 MP: 5/15
  7272 | D:10     | Found Kaxkouvie's Magic Scroll Shop.
  7291 | D:10     | Bought a scroll of magic mapping for 49 gold pieces
  7303 | D:11     | Noticed a death yak
  7344 | D:11     | Received a gift from Okawaru
  7412 | D:11     | Noticed Erica
  7424 | D:11     | Found a staircase to the Lair.
  7458 | D:11     | Slain by a warg

Levels and vault maps discovered:
D:1:      onia_arrival_mini_maze_b, layout_basic
D:2:      layout_loops_ring, nicolae_ru_path_of_blood, minmay_distorted
D:3:      kennysheep_the_goblin_king, layout_loops_corners, elyvilon_altar_4,
          minivault_25
D:4:      layout_rooms, kennysheep_mini, kennysheep_little_box, serial_shops,
          nicolae_shop_waterfront, grunt_decor_fettered, uniq_ijyb
D:5:      layout_loops_cross, minmay_temple_entry_ruins, first_ration,
          led_xom_imps
D:6:      layout_basic, old_standard_altar, uniq_blork_the_orc
D:7:      layout_cave_pools, nicolae_overflow_hidden_temple, serial_shops,
          nicolae_shop_statue_plus
D:8:      layout_basic, grunt_temple_overflow_gold_and_silver,
          gammafunk_ghost_cemetery
D:9:      layout_cave_pods, serial_shops, nicolae_shop_trees
D:10:     layout_rooms, serial_shops, shop_fountains, shop,
          kennysheep_mini_moat, shop, shop
D:11:     lemuel_castle_with_subvaults [lemuel_castle_interior_carwin_1],
          layout_irregular_city, dpeg_lair_monsters,
          gammafunk_ghost_wrathful_warriors, basic_altar, uniq_nergalle,
          uniq_erica, uniq_maurice

Skill      XL: |  1  2  3  4  5  6  7  8  9 10 |
---------------+-------------------------------+-----
Unarmed Combat | 4 5 6 7 9 11 12 14 | 14.2
Transmutations | 3 4 5 6 7 9 10 | 10.4
Invocations    | 3 4 |  4.0
Armour         | 4 |  4.5
Fighting       | |  0.8
Dodging        | |  2.1
Spellcasting   | |  2.0

Action                   |  1- 3 |  4- 6 |  7- 9 | 10-12 || total
-------------------------+-------+-------+-------+-------++-------
Melee: Unarmed           |    96 |   157 |   236 |   145 ||   634
       Kick              |    20 |     5 |       |       ||    25
       Headbutt          |     4 |       |       |       ||     4
       Bite              |     7 |     4 |    16 |    11 ||    38
       Punch             |     1 |     1 |     4 |     5 ||    11
 Cast: Beastly Appendage |    14 |     4 |       |       ||    18
       Spider Form       |       |    12 |     4 |       ||    16
       Blade Hands       |       |       |    14 |    12 ||    26
Invok: Heroism           |       |       |     2 |     5 ||     7
Evoke: Wand              |       |       |     8 |       ||     8
  Use: Scroll            |     5 |     6 |     4 |     5 ||    20
       Potion            |     1 |       |     3 |     1 ||     5
 Stab: Sleeping          |     1 |     3 |     1 |       ||     5
       Distracted        |       |       |     1 |       ||     1
Armor: Robe              |    11 |    18 |    53 |    27 ||   109
       Skin              |       |     7 |     3 |       ||    10
Dodge: Dodged            |    49 |    95 |   147 |    94 ||   385

Table legend:
 A = Non-vault XP
 B = Vault XP
 C = Vault XP percentage of total XP
 D = Non-vault monster count
 E = Vault monster count
 F = Vault count percentage of total count
                 A         B        C        D         E       F
            +---------+---------+-------+---------+---------+-------
      Total |    7786 |    4698 |  37.6 |     183 |      22 |  10.7
            +---------+---------+-------+---------+---------+-------
        D:1 |      12 |       2 |  14.3 |       7 |       1 |  12.5
        D:2 |     114 |       3 |   2.6 |      31 |       2 |   6.1
        D:3 |      37 |      13 |  26.0 |      13 |       7 |  35.0
        D:4 |     344 |      36 |   9.5 |      13 |       1 |   7.1
        D:5 |     947 |     148 |  13.5 |      23 |       3 |  11.5
        D:6 |     373 |      96 |  20.5 |      11 |       1 |   8.3
        D:7 |     591 |       0 |   0.0 |      19 |       0 |   0.0
        D:8 |     640 |    4082 |  86.4 |      17 |       5 |  22.7
        D:9 |    2000 |       0 |   0.0 |      24 |       0 |   0.0
       D:10 |    2239 |     318 |  12.4 |      10 |       2 |  16.7
       D:11 |     489 |       0 |   0.0 |      15 |       0 |   0.0
            +---------+---------+-------+---------+---------+-------
